AoeStats
← RogueAura950405

Black Forest

507492279Analyzed
3v3 RM · 13d ago on Sep 18, 2026· 72m 52s· 6 players
Game mode
Random Map
Map size
Normal (6 player)
Population
200
Speed
Normal
Resources
Standard
Victory
Conquest
Starting age
Dark Age
Ending age
Imperial Age
RankedLock teamsTeams togetherTeam positionsShared explorationLock speedFull tech treeHidden civsTurbo modeCheats
Victory
Defeat
🇬🇧 Huns · United Kingdom
966
+13
🇬🇧 Persians · United Kingdom
942
+14
🇬🇷 Persians · Greece
828
+18
🇬🇧 Bengalis · United Kingdom
902
-15
🇦🇹 Italians · Austria
885
-15
🇺🇸 Franks · United States
879
-15
Rastom
13:06 Feudal Age
17:12 Castle Age
15:47 Double-Bit Axe
24:33 Caravan
26:08 Wheelbarrow
25:19 Loom
25:20 Town Watch
25:32 Stone Mining
25:35 Gold Mining
26:51 Forging
26:48 Scale Barding Armor
26:33 Fletching
28:08 Bow Saw
32:59 Imperial Age
31:12 Iron Casting
30:58 Chain Barding Armor
30:54 Fortified Wall
31:24 Hand Cart
32:16 Husbandry
34:48 Chemistry
33:15 Cavalier
35:54 Conscription
35:34 Paladin
38:59 Blast Furnace
38:35 Plate Barding Armor
39:19 Town Patrol
44:34 Elite Throwing Axeman
45:37 #83
46:46 Scale Mail Armor
51:04 Chain Mail Armor
RogueAura950405
11:33 Feudal Age
16:03 Castle Age
14:10 Horse Collar
14:17 Double-Bit Axe
15:20 Wheelbarrow
17:41 Loom
24:19 Bow Saw
25:49 Hand Cart
25:38 Heavy Plow
25:59 Town Watch
26:48 Fishing Lines
28:36 Gold Mining
29:28 Gillnets
30:46 Gold Shaft Mining
30:27 Town Patrol
34:29 Imperial Age
32:31 Ballistics
33:53 Stone Mining
36:32 Fletching
36:42 Padded Archer Armor
36:50 Scale Barding Armor
38:12 Chemistry
37:18 Siege Engineers
37:09 Murder Holes
36:38 Elite Elephant Archer
38:30 Bodkin Arrow
38:50 Leather Archer Armor
40:12 Paiks
40:29 Mahayana
41:04 Ring Archer Armor
40:35 Bracer
40:47 Forging
40:58 Chain Barding Armor
42:39 Two-Man Saw
42:11 Crop Rotation
42:12 Masonry
43:08 Siege Elephant
44:40 Plate Barding Armor
44:41 Iron Casting
47:56 Blast Furnace
67:48 Pikeman
68:29 Squires
68:14 Arson
Not at work4898
15:26 Feudal Age
16:15 Double-Bit Axe
18:42 Horse Collar
24:29 Castle Age
28:14 Heavy Plow
28:27 Bow Saw
30:50 Silk Road
33:19 Imperial Age
31:56 Padded Archer Armor
31:47 Fletching
32:31 Caravan
32:31 Town Watch
36:32 Chemistry
35:53 Ballistics
36:26 Conscription
38:56 Two-Man Saw
38:38 Bodkin Arrow
42:04 Thumb Ring
42:16 Leather Archer Armor
43:49 Ring Archer Armor
45:56 Bracer
46:02 Murder Holes
45:54 Arrowslits
OLIFANT
1:12 Loom
11:39 Feudal Age
12:26 Double-Bit Axe
12:23 Horse Collar
14:24 Stone Mining
17:45 Gold Mining
19:33 Wheelbarrow
22:49 Castle Age
21:23 Scale Barding Armor
21:43 Forging
24:10 Gold Shaft Mining
23:54 Bow Saw
23:45 Heavy Plow
26:04 Hand Cart
27:10 Chain Barding Armor
26:58 Husbandry
32:56 Imperial Age
31:18 Bloodlines
32:10 Marauders
33:06 Iron Casting
32:44 Caravan
34:43 Conscription
34:24 Elite Tarkan
36:38 Blast Furnace
36:14 Plate Barding Armor
36:54 Two-Man Saw
37:22 Cavalier
39:54 Paladin
45:43 Light Cavalry
46:16 Hussar
56:16 Guilds
PAP
0:28 Loom
12:10 Feudal Age
17:28 Castle Age
15:30 Stone Mining
18:01 Double-Bit Axe
26:32 Horse Collar
30:28 Wheelbarrow
32:28 Hand Cart
32:28 Heavy Plow
32:43 Bow Saw
32:58 Town Watch
37:10 Imperial Age
34:43 Padded Archer Armor
34:34 Fletching
35:25 Thumb Ring
34:41 Crossbowman
35:50 Leather Archer Armor
36:03 Caravan
37:57 Conscription
37:57 Kamandaran
37:58 Bodkin Arrow
39:42 Ring Archer Armor
39:01 Elite War Elephant
40:42 Ballistics
43:09 Chemistry
55:39 Gold Mining
59:07 Gold Shaft Mining
59:53 Stone Shaft Mining
miltiadeeznuts
0:30 Loom
11:33 Feudal Age
12:44 Wheelbarrow
12:03 Double-Bit Axe
13:20 Town Watch
15:17 Town Watch
22:24 Castle Age
20:29 Stone Mining
20:31 Gold Mining
20:41 Horse Collar
23:23 Town Patrol
28:11 Hand Cart
28:18 Bow Saw
28:11 Heavy Plow
28:50 Gold Shaft Mining
30:08 Stone Shaft Mining
33:01 Imperial Age
34:27 Two-Man Saw
34:49 Conscription
34:01 Pikeman
34:41 Squires
34:27 Arson
35:45 Citadels
36:35 Crop Rotation
39:05 Halberdier
39:31 Arson
39:29 Elite War Elephant
40:31 Scale Barding Armor
Connection lost

Rejoining the realm…

Still unreachable

The connection could not be restored.

Session expired

The server has moved on; the page needs a fresh start.